TOP OF THE 1ST |
Logan Swans batting - Pitching for Rancho Cucamonga Sick Monkeys : LHP Christian Barnes
|
Pitching: LHP Christian Barnes
|
|
Batting: LHB Bob Coztana
|
0-0: Ball 1-0: Ball 2-0: Foul Ball, location: 2F 2-1: SINGLE (Line Drive, 4M)
|
Batting: RHB Jesús García
|
0-0: Called Strike 0-1: Foul Ball, location: 2F Balk! Bob Coztana to second 0-2: Ball 1-2: Foul Ball, location: 2F 1-2: Ball 2-2: Ball 3-2: Base on Balls
|
Batting: RHB Víctor Cuevas
|
0-0: Ground out 5-3 (Groundball, 56S) Bob Coztana to third Jesús García to second
|
Batting: SHB Hang-ki Leong
|
0-0: Ball 1-0: Ball 2-0: Ball 3-0: Called Strike 3-1: Base on Balls
|
Batting: RHB Bill Marsh
|
0-0: Ball 1-0: Ball 2-0: Foul Ball, location: 2F 2-1: Called Strike 2-2: Ball 3-2: Foul Ball, location: 2F 3-2: Foul Ball, location: 2F 3-2: Hit by Pitch Bob Coztana scores Jesús García to third Hang-ki Leong to second
|
Batting: LHB Marty Gómez
|
0-0: Ball 1-0: Called Strike 1-1: Fly out, F8 (Line Drive, 8RS) Runner from 3rd tags up, SCORES, no throw
|
Batting: RHB José Ayala
|
0-0: Called Strike 0-1: Foul Ball, location: 2F 0-2: Strikes out swinging
|
Top of the 1st over - 2 runs, 1 hit, 0 errors, 2 left on base; Logan 2 - Rancho Cucamonga 0 |
BOTTOM OF THE 1ST |
Rancho Cucamonga Sick Monkeys batting - Pitching for Logan Swans : RHP Ángel Benítez
|
Pitching: RHP Ángel Benítez
|
|
Batting: RHB Bartolo Moreno
|
0-0: Called Strike 0-1: Foul Ball, location: 2F 0-2: DOUBLE (Line Drive, 7LM)
|
Batting: SHB Jimmy Mayer
|
0-0: Ball 1-0: Ball 2-0: Ball 3-0: Called Strike 3-1: Base on Balls
|
Batting: RHB Marvin Montgomery
|
0-0: Ball 1-0: Called Strike 1-1: Ball 2-1: Ball 3-1: Called Strike 3-2: DOUBLE (Line Drive, 9D) Bartolo Moreno scores Jimmy Mayer to third
|
Batting: LHB Bill Turner
|
0-0: Foul Ball, location: 2F 0-1: Ball 1-1: Ball 2-1: Fly out, F1 (Line Drive, 13)
|
Batting: SHB Orlando Lópes
|
0-0: Called Strike 0-1: Foul Ball, location: 2F 0-2: Ball 1-2: SINGLE (Groundball, 34D) Jimmy Mayer scores Marvin Montgomery to third Runner from 3rd tries for Home, SAFE, no throw
|
Batting: RHB Scott Elliott
|
0-0: Foul Ball, location: 2F 0-1: Foul Ball, location: 2F 0-2: Ball 1-2: Fly out, F6 (Line Drive, 6)
|
Batting: LHB Gene Cherry
|
0-0: Fielders Choice at 2nd, 6-4 (Groundball, 6)
|
Bottom of the 1st over - 3 runs, 3 hits, 0 errors, 1 left on base; Logan 2 - Rancho Cucamonga 3 |
TOP OF THE 2ND |
Logan Swans batting - Pitching for Rancho Cucamonga Sick Monkeys : RHP Pedro Guaneri
|
Pitching: RHP Pedro Guaneri
|
|
Batting: RHB Lloyd Arnette
|
0-0: Swinging Strike 0-1: Ball 1-1: Ball 2-1: Ball 3-1: Foul Ball, location: 2F 3-2: Base on Balls
|
Batting: SHB Torajiro Ito
|
0-0: Called Strike 0-1: DOUBLE (Line Drive, 9D) Lloyd Arnette to third
|
Batting: LHB Bob Coztana
|
0-0: Called Strike 0-1: Ball 1-1: Ball 2-1: Swinging Strike 2-2: Ground out 4-3 (Groundball, 4D) Lloyd Arnette scores Torajiro Ito to third
|
Batting: RHB Jesús García
|
0-0: Ball 1-0: Called Strike 1-1: Ball 2-1: SINGLE (Line Drive, 6) Torajiro Ito scores
|
Batting: RHB Víctor Cuevas
|
0-0: Ball 1-0: 2-RUN HOME RUN (Flyball, 7LD), Distance : 367 ft
|
Pitching: LHP Tony Whitcomb
|
|
Batting: SHB Hang-ki Leong
|
0-0: Ball 1-0: Foul Ball, location: 2F 1-1: Fly out, F5 (Popup, 56S)
|
Batting: RHB Bill Marsh
|
0-0: Foul Ball, location: 2F 0-1: Ball 1-1: Ball 2-1: Foul Ball, location: 2F 2-2: Foul Ball, location: 2F 2-2: Ball 3-2: Base on Balls
|
Batting: LHB Marty Gómez
|
0-0: Foul Ball, location: 2F 0-1: Ball 1-1: Called Strike 1-2: Ball Bill Marsh steals 2nd base 2-2: Ground out 6-3 (Groundball, 6)
|
Top of the 2nd over - 4 runs, 3 hits, 0 errors, 1 left on base; Logan 6 - Rancho Cucamonga 3 |
BOTTOM OF THE 2ND |
Rancho Cucamonga Sick Monkeys batting - Pitching for Logan Swans : RHP Ángel Benítez
|
Batting: RHB Pedro Morales
|
0-0: Fly out, F5 (Popup, 56S)
|
Batting: RHB Jackson Walker
|
0-0: Ball 1-0: Ground out 6-3 (Groundball, 6D)
|
Batting: RHB Bartolo Moreno
|
0-0: Ball 1-0: Swinging Strike 1-1: Foul Ball, location: 2F 1-2: Foul Ball, location: 2F 1-2: Foul Ball, location: 2F 1-2: Ground out 4-3 (Groundball, 4)
|
Bottom of the 2nd over - 0 runs, 0 hits, 0 errors, 0 left on base; Logan 6 - Rancho Cucamonga 3 |
TOP OF THE 3RD |
Logan Swans batting - Pitching for Rancho Cucamonga Sick Monkeys : LHP Tony Whitcomb
|
Batting: RHB José Ayala
|
0-0: Swinging Strike 0-1: Ball 1-1: Swinging Strike 1-2: Ball 2-2: Ground out 6-3 (Groundball, 6)
|
Batting: RHB Lloyd Arnette
|
0-0: Ball 1-0: Swinging Strike 1-1: Ball 2-1: Foul Ball, location: 2F 2-2: Ball 3-2: SINGLE (Flyball, 5D)
|
Batting: SHB Torajiro Ito
|
0-0: Ball Lloyd Arnette is caught stealing 2nd base 1-0: Ball 2-0: Ball 3-0: Called Strike 3-1: Fly out, F5 (Popup, 5S)
|
Top of the 3rd over - 0 runs, 1 hit, 0 errors, 0 left on base; Logan 6 - Rancho Cucamonga 3 |
BOTTOM OF THE 3RD |
Rancho Cucamonga Sick Monkeys batting - Pitching for Logan Swans : RHP Ángel Benítez
|
Batting: SHB Jimmy Mayer
|
0-0: SINGLE (Groundball, 4MD)
|
Batting: RHB Marvin Montgomery
|
0-0: Ball 1-0: Swinging Strike 1-1: Ball 2-1: Foul Ball, location: 2F 2-2: Foul Ball, location: 2F 2-2: Strikes out swinging
|
Pitching: RHP Greg Connor
|
|
Batting: LHB Bill Turner
|
0-0: Called Strike 0-1: Ball 1-1: Ball 2-1: Foul Ball, location: 2F 2-2: Foul Ball, location: 2F 2-2: Grounds into double play, 4-6-3 (Groundball, 4)
|
Bottom of the 3rd over - 0 runs, 1 hit, 0 errors, 0 left on base; Logan 6 - Rancho Cucamonga 3 |
TOP OF THE 4TH |
Logan Swans batting - Pitching for Rancho Cucamonga Sick Monkeys : LHP Tony Whitcomb
|
Batting: LHB Bob Coztana
|
0-0: Ball 1-0: Swinging Strike 1-1: Fly out, F9 (Flyball, 9S)
|
Batting: RHB Jesús García
|
0-0: Called Strike 0-1: Ground out 5-3 (Groundball, 5L)
|
Batting: RHB Víctor Cuevas
|
0-0: Ball 1-0: Swinging Strike 1-1: Ground out 6-3 (Groundball, 6)
|
Top of the 4th over - 0 runs, 0 hits, 0 errors, 0 left on base; Logan 6 - Rancho Cucamonga 3 |
BOTTOM OF THE 4TH |
Rancho Cucamonga Sick Monkeys batting - Pitching for Logan Swans : RHP Greg Connor
|
Batting: SHB Orlando Lópes
|
0-0: Ball 1-0: Fly out, F4 (Line Drive, 4M)
|
Batting: RHB Scott Elliott
|
0-0: Ball 1-0: Bunt for hit - play at first, batter OUT! 3-4
|
Batting: LHB Gene Cherry
|
0-0: SOLO HOME RUN (Flyball, 9LD), Distance : 342 ft
|
Batting: RHB Pedro Morales
|
0-0: Ball 1-0: Foul Ball, location: 2F 1-1: Ball 2-1: Ground out 5-3 (Groundball, 56)
|
Bottom of the 4th over - 1 run, 1 hit, 0 errors, 0 left on base; Logan 6 - Rancho Cucamonga 4 |
TOP OF THE 5TH |
Logan Swans batting - Pitching for Rancho Cucamonga Sick Monkeys : LHP Tony Whitcomb
|
Batting: SHB Hang-ki Leong
|
0-0: Foul Ball, location: 2F 0-1: Ball 1-1: Ground out 5-3 (Groundball, 56)
|
Batting: RHB Bill Marsh
|
0-0: Ball 1-0: Ball 2-0: Ball 3-0: Called Strike 3-1: Foul Ball, location: 2F 3-2: TRIPLE (Groundball, 5L)
|
Batting: LHB Marty Gómez
|
0-0: Called Strike 0-1: Foul Ball, location: 2F 0-2: Ball 1-2: Strikes out looking
|
Batting: RHB José Ayala
|
0-0: Called Strike Steal of home, Bill Marsh is safe 0-1: Foul Ball, location: 2F 0-2: Foul Ball, location: 2F 0-2: Strikes out swinging
|
Top of the 5th over - 1 run, 1 hit, 0 errors, 0 left on base; Logan 7 - Rancho Cucamonga 4 |
BOTTOM OF THE 5TH |
Rancho Cucamonga Sick Monkeys batting - Pitching for Logan Swans : RHP Greg Connor
|
Batting: RHB Jackson Walker
|
0-0: Ball 1-0: Called Strike 1-1: Ball 2-1: Foul Ball, location: 2F 2-2: Fly out, F9 (Flyball, 9D)
|
Batting: RHB Bartolo Moreno
|
0-0: DOUBLE (Flyball, 8LD)
|
Batting: SHB Jimmy Mayer
|
0-0: 2-RUN HOME RUN (Flyball, 9D), Distance : 373 ft
|
Batting: RHB Marvin Montgomery
|
0-0: Ball 1-0: Ball 2-0: Foul Ball, location: 2F 2-1: Foul Ball, location: 2F 2-2: Ball 3-2: Strikes out swinging
|
Batting: LHB Bill Turner
|
0-0: Called Strike 0-1: Ball 1-1: Ball 2-1: Foul Ball, location: 2F 2-2: SINGLE (Line Drive, 56D)
|
Batting: SHB Orlando Lópes
|
0-0: Ball 1-0: SINGLE (Groundball, 3D) Bill Turner to second Runner from 2nd tries for 3rd, SAFE, no throw
|
Batting: RHB Scott Elliott
|
0-0: Ball 1-0: Called Strike 1-1: Called Strike 1-2: Foul Ball, location: 2F 1-2: Fly out, F9 (Flyball, 9S)
|
Bottom of the 5th over - 2 runs, 4 hits, 0 errors, 2 left on base; Logan 7 - Rancho Cucamonga 6 |
TOP OF THE 6TH |
Logan Swans batting - Pitching for Rancho Cucamonga Sick Monkeys : RHP Juan Rosário
|
Pitching: RHP Juan Rosário
|
|
Batting: RHB Lloyd Arnette
|
0-0: Swinging Strike 0-1: Fly out, F9 (Flyball, 89S)
|
Batting: SHB Torajiro Ito
|
0-0: SINGLE (Flyball, 89S)
|
Batting: LHB Bob Coztana
|
0-0: Ball 1-0: Fly out, F8 (Flyball, 8LD)
|
Batting: RHB Jesús García
|
0-0: Ball 1-0: SINGLE (Line Drive, 6MD) Torajiro Ito to second
|
Batting: RHB Víctor Cuevas
|
0-0: Ball 1-0: Ball 2-0: Ball 3-0: Called Strike 3-1: Fielders Choice at 2nd, 6-4 (Groundball, 6)
|
Top of the 6th over - 0 runs, 2 hits, 0 errors, 2 left on base; Logan 7 - Rancho Cucamonga 6 |
BOTTOM OF THE 6TH |
Rancho Cucamonga Sick Monkeys batting - Pitching for Logan Swans : RHP Greg Connor
|
Pitching: RHP Ramón Montés
|
|
Batting: LHB Gene Cherry
|
0-0: Called Strike 0-1: Ball 1-1: Foul Ball, location: 2F 1-2: Hit by Pitch
|
Batting: RHB Pedro Morales
|
0-0: Called Strike 0-1: Ball 1-1: Fly out, F8 (Flyball, 8RS)
|
Batting: RHB Jackson Walker
|
0-0: Ball 1-0: Called Strike 1-1: Foul Ball, location: 2F 1-2: Strikes out swinging
|
Batting: RHB Bartolo Moreno
|
0-0: Ball 1-0: Ball 2-0: Foul Ball, location: 2F 2-1: Foul Ball, location: 2F 2-2: SINGLE (Groundball, 56D) Gene Cherry to second
|
Batting: SHB Jimmy Mayer
|
0-0: Called Strike 0-1: Foul Ball, location: 2F 0-2: DOUBLE (Line Drive, 78D) Gene Cherry scores Bartolo Moreno to third Runner from 3rd tries for Home, SAFE, no throw
|
Batting: RHB Marvin Montgomery
|
0-0: Called Strike 0-1: Foul Ball, location: 2F 0-2: Ball 1-2: Strikes out swinging
|
Bottom of the 6th over - 2 runs, 2 hits, 0 errors, 1 left on base; Logan 7 - Rancho Cucamonga 8 |
TOP OF THE 7TH |
Logan Swans batting - Pitching for Rancho Cucamonga Sick Monkeys : RHP Juan Rosário
|
Batting: SHB Hang-ki Leong
|
0-0: Ball 1-0: Foul Ball, location: 2F 1-1: Ball 2-1: Foul Ball, location: 2F 2-2: Ground out 3-1 (Groundball, 34)
|
Batting: RHB Bill Marsh
|
0-0: Called Strike 0-1: SINGLE (Line Drive, 78S)
|
Pinch Hitting: LHB Vicente Vega
|
0-0: Called Strike 0-1: Called Strike 0-2: Ball 1-2: Foul Ball, location: 2F 1-2: Ball 2-2: Ball Bill Marsh steals 2nd base 3-2: Strikes out swinging
|
Batting: RHB José Ayala
|
0-0: Ball 1-0: Ground out 3-1 (Groundball, 34)
|
Top of the 7th over - 0 runs, 1 hit, 0 errors, 1 left on base; Logan 7 - Rancho Cucamonga 8 |
BOTTOM OF THE 7TH |
Rancho Cucamonga Sick Monkeys batting - Pitching for Logan Swans : RHP Ramón Montés
|
Now in LF: Vicente Vega
|
|
Batting: LHB Bill Turner
|
0-0: Ground out U3 (Groundball, 3)
|
Batting: SHB Orlando Lópes
|
0-0: Ball 1-0: Ball 2-0: Ball 3-0: Called Strike 3-1: Foul Ball, location: 2F 3-2: Foul Ball, location: 2F 3-2: DOUBLE (Line Drive, 7LM)
|
Batting: RHB Scott Elliott
|
0-0: Foul Ball, location: 2F 0-1: Ball 1-1: Foul Ball, location: 2F 1-2: Ball 2-2: Fly out, F4 (Line Drive, 4)
|
Batting: LHB Gene Cherry
|
0-0: Ground out 6-3 (Groundball, 56)
|
Bottom of the 7th over - 0 runs, 1 hit, 0 errors, 1 left on base; Logan 7 - Rancho Cucamonga 8 |
TOP OF THE 8TH |
Logan Swans batting - Pitching for Rancho Cucamonga Sick Monkeys : RHP Juan Rosário
|
Now at C: Greg Burnett
|
|
Now at 2B: Tony Swanson
|
|
Now at 3B: Harry Ray
|
|
Now at SS: Brendan Myers
|
|
Batting: RHB Lloyd Arnette
|
0-0: Ball 1-0: Called Strike 1-1: Ball 2-1: Foul Ball, location: 2F 2-2: Foul Ball, location: 2F 2-2: Ball 3-2: Fly out, F6 (Line Drive, 6)
|
Batting: SHB Torajiro Ito
|
0-0: Ball 1-0: Ball 2-0: SINGLE (Groundball, 13S) (infield hit)
|
Pitching: RHP Carlos Fernández
|
|
Pinch Runner at 1st Ricardo Manegdeg:
|
|
Batting: LHB Bob Coztana
|
0-0: Ball 1-0: Fielders Choice at 2nd, 4-6 (Groundball, 4)
|
Batting: RHB Jesús García
|
0-0: Ball 1-0: Swinging Strike 1-1: Called Strike 1-2: Foul Ball, location: 2F 1-2: Fly out, F7 (Flyball, 7D)
|
Top of the 8th over - 0 runs, 1 hit, 0 errors, 1 left on base; Logan 7 - Rancho Cucamonga 8 |
BOTTOM OF THE 8TH |
Rancho Cucamonga Sick Monkeys batting - Pitching for Logan Swans : RHP Ramón Montés
|
Now at SS: Ricardo Manegdeg
|
|
Batting: RHB Pedro Morales
|
0-0: Ball 1-0: Ball 2-0: Swinging Strike 2-1: Foul Ball, location: 2F 2-2: Ball 3-2: Base on Balls
|
Pinch Hitting: LHB Rubén Deleón
|
0-0: Ball 1-0: Ground out 4-3 (Groundball, 4S) Pedro Morales to second
|
Pinch Hitting: RHB Heath Jones
|
0-0: Intentional Walk
|
Batting: SHB Jimmy Mayer
|
0-0: Foul Ball, location: 2F 0-1: Ball 1-1: SINGLE (Flyball, 7LM) Pedro Morales to third Heath Jones to second
|
Batting: RHB Marvin Montgomery
|
0-0: Ball 1-0: Grounds into fielders choice 5-2 (Groundball, 56) Heath Jones to third Jimmy Mayer to second
|
Batting: RHB Greg Burnett
|
0-0: Ball 1-0: Ball 2-0: Called Strike 2-1: Called Strike 2-2: Strikes out swinging
|
Bottom of the 8th over - 0 runs, 1 hit, 0 errors, 3 left on base; Logan 7 - Rancho Cucamonga 8 |
TOP OF THE 9TH |
Logan Swans batting - Pitching for Rancho Cucamonga Sick Monkeys : RHP Carlos Fernández
|
Pitching: RHP Juan Muñóz
|
|
Now at 1B: Carlos Baronti
|
|
Now in LF: Heath Jones
|
|
Batting: RHB Víctor Cuevas
|
0-0: Called Strike 0-1: Ball 1-1: Foul Ball, location: 2F 1-2: Strikes out looking
|
Batting: SHB Hang-ki Leong
|
0-0: Called Strike 0-1: Swinging Strike 0-2: Ball 1-2: Foul Ball, location: 2F 1-2: Ball 2-2: SOLO HOME RUN (Flyball, 89XD), Distance : 416 ft
|
Batting: RHB Bill Marsh
|
0-0: Swinging Strike 0-1: SINGLE (Line Drive, 56D)
|
Batting: LHB Vicente Vega
|
0-0: Called Strike 0-1: Ball Bill Marsh steals 2nd base 1-1: Intentional Walk
|
Batting: RHB José Ayala
|
0-0: Swinging Strike 0-1: Foul Ball, location: 2F 0-2: Ball 1-2: Ball Passed Ball! Bill Marsh to third Vicente Vega to second 2-2: 3-RUN HOME RUN (Flyball, 9LD), Distance : 361 ft
|
Pitching: RHP Ken Jones
|
|
Batting: RHB Lloyd Arnette
|
0-0: Ball 1-0: Called Strike 1-1: Ball 2-1: Foul Ball, location: 2F 2-2: Fly out, F5 (Popup, 6S)
|
Batting: RHB Ricardo Manegdeg
|
0-0: Ball 1-0: Ball 2-0: Foul Ball, location: 2F 2-1: Ball 3-1: Called Strike 3-2: Foul Ball, location: 2F 3-2: Base on Balls
|
Batting: LHB Bob Coztana
|
0-0: Called Strike 0-1: 2-RUN HOME RUN (Flyball, 9LD), Distance : 352 ft
|
Batting: RHB Jesús García
|
0-0: Ground out 6-3 (Groundball, 6)
|
Top of the 9th over - 6 runs, 4 hits, 0 errors, 0 left on base; Logan 13 - Rancho Cucamonga 8 |
BOTTOM OF THE 9TH |
Rancho Cucamonga Sick Monkeys batting - Pitching for Logan Swans : RHP Ramón Montés
|
Now at C: Natsume Sato
|
|
Now at 1B: Edgardo Delvalle
|
|
Now at 2B: Jesús Farías
|
|
Now at SS: Darrell Beard
|
|
Now in CF: William Hudson
|
|
Batting: RHB Harry Ray
|
0-0: Foul Ball, location: 2F 0-1: Foul Ball, location: 2F 0-2: Foul Ball, location: 2F 0-2: Foul Ball, location: 2F 0-2: Strikes out looking
|
Batting: RHB Brendan Myers
|
0-0: Foul Ball, location: 2F 0-1: Foul Ball, location: 2F 0-2: Ball 1-2: Ball 2-2: Ball 3-2: Fly out, F4 (Line Drive, 4)
|
Batting: RHB Tony Swanson
|
0-0: Called Strike 0-1: Ball 1-1: Ball 2-1: Foul Ball, location: 2F 2-2: Foul Ball, location: 2F 2-2: Ball 3-2: Foul Ball, location: 2F 3-2: Base on Balls
|
Batting: RHB Pedro Morales
|
0-0: Ball 1-0: Ball 2-0: Called Strike 2-1: Ball 3-1: Base on Balls Tony Swanson to second
|
Batting: RHB Carlos Baronti
|
0-0: Ball 1-0: Ball 2-0: Foul Ball, location: 2F 2-1: SINGLE (Flyball, 3D) Tony Swanson to third Pedro Morales to second
|
Pitching: RHP Maurício Rodríguez
|
|
Batting: RHB Heath Jones
|
0-0: Called Strike 0-1: Swinging Strike 0-2: Strikes out swinging
|
Bottom of the 9th over - 0 runs, 1 hit, 0 errors, 3 left on base; Logan 13 - Rancho Cucamonga 8 |
|